 Dungeon Crawl Stone Soup version 0.32-a0-329-ge6c31236d6 (webtiles) character file.

Game seed: 8396400071831570451

12 Xavori the Trooper (level 2, 25/25 HPs)
             Began as a Djinni Chaos Knight on Feb 16, 2024.
             Was a Plaything of Xom.
             Quit the game on level 1 of the Dungeon.
             The game lasted 00:00:09 (121 turns).

Xavori the Trooper (Djinni Chaos Knight)             Turns: 121, Time: 00:00:09

Health: 25/25      AC:  5    Str: 11    XL:     2   Next: 45%
Gold:   29         EV: 11    Int: 13    God:    Xom [..*...] SH:  0 Dex: 12

rFire   + + .        a - +0 falchion (chaos)
rCold   x . .        (no shield)
rNeg    . . .        b - +2 leather armour
rPois   ∞            (no helmet)
rElec   .            (no cloak)
rCorr   .            (no gloves)
SInv    .            (boots unavailable)
Will    .....        (no amulet)
Stlth   +            (no ring)
HPRegen 0.24/turn    (no ring)
MPRegen 0.00/turn

%: no passive effects
@: flying
A: sickness immunity, fire resistance 2, cold vulnerability 1, float, innate
caster, HP casting, extra vitality 1
a: Renounce Religion


You were on level 1 of the Dungeon.
You worshipped Xom.
You were a toy of Xom.
You visited 1 branch of the dungeon, and saw 1 of its levels.

You collected 29 gold pieces.

Inventory:

Hand Weapons
 a - a +0 falchion of chaos (weapon)
Armour
 b - a +2 leather armour (worn)
Scrolls
 c - a scroll of butterflies
 d - a scroll of teleportation {unknown}


   Skills:
 + Level 3.1 Fighting
 + Level 2.8 Long Blades
 + Level 1.2 Armour
 + Level 2.3 Dodging
 * Level 0.5 Spellcasting
 * Level 0.5 Conjurations
 * Level 0.5 Hexes
   Level 0.0 Charms
 * Level 0.5 Summonings
 * Level 0.5 Necromancy
 * Level 0.5 Translocations
   Level 0.0 Transmutations
 * Level 0.5 Fire Magic
 * Level 0.5 Ice Magic
 * Level 0.5 Air Magic
 * Level 0.5 Earth Magic
 * Level 0.5 Alchemy You didn't know any spells. Your spell library was empty.

Dungeon Overview and Level Annotations

Branches:
Dungeon (1/15)

Altars:


Innate Abilities, Weirdness & Mutations

You are immune to sickness and miasma.
You are immune to poison.
Your flesh is very heat resistant. (rF++)
You are vulnerable to cold. (rC-)
You float through the air rather than walking.
You learn spells naturally, not from books.
Your magical power is your life essence.
You have superior vitality. (+4 MHP)


Message History

You closely miss the quokka. The quokka completely misses you.
There are monsters nearby!
You barely miss the quokka.
The quokka bites you but does no damage.
You hit the quokka.
The quokka is heavily wounded.
The quokka barely misses you. x2
You barely miss the quokka.
The quokka is heavily wounded.
The quokka misses you.
You closely miss the quokka.
The quokka is heavily wounded.
The quokka bites you. The quokka barely misses you.
There are monsters nearby!
You hit the quokka but do no damage.
The quokka is heavily wounded.
The quokka closely misses you.
You closely miss the quokka.
The quokka is heavily wounded.
The quokka bites you.
There are monsters nearby!
You barely miss the quokka.
The quokka is heavily wounded.
The quokka barely misses you.
The quokka bites you but does no damage.
There are monsters nearby!
You hit the quokka.
You feel better.
You kill the quokka!
An endoplasm is nearby!
You hit the endoplasm. You freeze the endoplasm.
You kill the endoplasm!
You see here a quokka corpse.
d - a scroll labelled HYTUTR QOLOMON No target in view!
Key pressed, stopping explore.
No target in view!
No target in view!
You now have 29 gold pieces (gained 8).
A ball python comes into view.
Are you sure you want to abandon this character and quit the game? (Confirm with "yes".)

#...........##.#...#.##...
..#
#.##.##...##..#.#.#.#..
#.. #.....#...#.#.#.#.#...
. ####.....#..#.#. ..#..
#.#####....#..#..#. ..#.
#.........#...#..#.. ...
########.....#...# #
##........#....
###...@.......
######..#..S .# #


You could see a ball python (asleep).

Vanquished Creatures
  A bat (D:1)
  2 endoplasms (D:1)
  A hobgoblin (D:1)
  A kobold (D:1)
  A quokka (D:1)
6 creatures vanquished.

Notes
Turn   | Place    | Note
-------+----------+-------------------------------------------
     0 | D:1      | Xavori the Djinni Chaos Knight began the quest for the Orb.
     0 | D:1      | Reached XP level 1. HP: 20/20 MP: 0/0
    48 | D:1      | Reached XP level 2. HP: 23/25 MP: 0/0
   121 | D:1      | Quit the game

Illustrated notes

Levels and vault maps discovered:
D:1:      minmay_arrival_radiant_lines, layout_loops_corners,
          chequers_ecumenical_altar_simple

Action                     || total
---------------------------++-------
  Melee: Falchion          ||    25
 Armour: Leather armour    ||    13
  Dodge: Dodged            ||    19

Table legend: (Time is in decaauts)
 A = Elapsed time spent in this place.
 B = Non-inter-level travel time spent in this place.
 C = Inter-level travel time spent in this place.
 D = Time resting spent in this place.
 E = Time spent auto-exploring this place.
 F = Levels seen in this place.
 G = Mean time per level.
                   A        B        C        D        E       F      G
               +--------+--------+--------+--------+--------+-----+--------+
         Total |    125 |    125 |      0 |      0 |     79 |   1 |  125.0 |
       Dungeon |    125 |    125 |      0 |      0 |     79 |   1 |  125.0 |
               +--------+--------+--------+--------+--------+-----+--------+

Top non-repeatable levels by time:
     D:1: 125 daAuts
